Map: Ruins of Seras

Players

naiad

  • Race: Protoss Protoss

Nero - Winner!

  • Race: Protoss Protoss

VOD

Have the link to the VOD?

Description

Time

  • Played on: Jan. 5, 2016, 5:36 a.m.
  • Length: 35:06
Show
View Real Time Build Order
Export as new Build Order

naiad Protoss 

Build Orders: Oracle Opening 

Get SALT Encoding   

  12  0:01  Probe (Chrono Boost)  
  13  0:12  Probe (Chrono Boost)  
  14  0:22  Probe (Chrono Boost)  
  14  0:25  Pylon  
  15  0:42  Assimilator  
  15  0:44  Probe (Chrono Boost)  
  15  0:46  Assimilator  
  16  0:55  Gateway  
  16  0:57  Probe (Chrono Boost)  
  17  1:08  Probe (Chrono Boost)  
  19  1:18  Probe (Chrono Boost)  
  19  1:24  Pylon  
  19  1:29  Probe (Chrono Boost)  
  20  1:34  Pylon  
  20  1:39  Probe (Chrono Boost)  
  21  1:43  Cybernetics Core  
  21  1:50  Probe (Chrono Boost)  
  22  2:00  Probe (Chrono Boost)  
  23  2:02  Zealot  
  25  2:11  Probe (Chrono Boost)  
  26  2:20  Warp Gate (Chrono Boost)  
  27  2:24  Mothership Core (Chrono Boost)  
  28  2:32  Pylon  
  28  2:34  Pylon  
  28  2:41  Stargate  
  28  3:17  Gateway  
  28  3:20  Gateway  
  28  3:21  Gateway  
  28  3:25  Gateway  
  28  3:29  Oracle  
  31  4:04  Oracle  
  30  4:11  Robotics Facility  
  22  4:21  Probe  
  20  4:33  Probe  
  21  4:45  Probe  
  22  4:55  Pylon  
  22  4:57  Probe  
  23  5:07  Observer  
  24  5:10  Probe  
  25  5:22  Probe  
  25  5:28  Observer  
  27  5:34  Probe  
  20  6:30  Probe  
  21  6:41  Observer  
  21  6:42  Probe  
  23  6:54  Probe  
  23  6:57  Stalker x4  
  32  7:06  Probe  
  33  7:19  Probe  
  34  7:31  Probe  
  32  7:46  Probe  
  34  7:58  Probe  
  34  8:00  Stalker x2  
  38  8:10  Probe  
  39  8:22  Probe  
  40  8:28  Stalker x2  
  44  8:34  Probe  
  45  9:10  Twilight Council  
  45  9:24  Stalker x3  
  51  9:55  Nexus  
  51  10:00  Probe  
  52  10:07  Pylon  
  52  10:23  Pylon  
  30  11:04  Stalker x3  
  30  11:05  Stalker x2  
  40  11:12  Dark Shrine  
  36  11:47  Mothership Core  
  36  12:26  Dark Templar x4  
  36  12:27  Dark Templar  
  46  13:00  Dark Templar  
  46  13:01  Dark Templar x3  
  52  13:36  Dark Templar x2  
  52  13:37  Dark Templar  
  18  14:52  Probe  
  15  18:22  Archon x2  
  9  18:39  Probe  
  10  18:51  Probe  
  11  19:03  Probe  
  12  19:23  Probe  
  13  19:59  Probe  
  14  20:11  Probe  
  15  20:36  Dark Templar  
  11  23:17  Archon  
Show
View Real Time Build Order
Export as new Build Order

Nero Protoss - Winner!

Build Orders: Double Forge, Oracle Opening 

Get SALT Encoding   

  12  0:01  Probe (Chrono Boost)  
  13  0:12  Probe (Chrono Boost)  
  14  0:19  Pylon  
  14  0:23  Probe (Chrono Boost)  
  15  0:41  Gateway, Probe (Chrono Boost)  
  16  0:46  Assimilator  
  16  0:52  Probe (Chrono Boost)  
  17  1:03  Probe (Chrono Boost)  
  18  1:15  Pylon  
  18  1:18  Probe (Chrono Boost)  
  19  1:22  Assimilator  
  19  1:28  Probe (Chrono Boost)  
  19  1:29  Cybernetics Core  
  20  1:33  Zealot  
  20  1:39  Probe (Chrono Boost)  
  23  1:49  Probe (Chrono Boost)  
  24  2:01  Zealot  
  26  2:12  Stargate  
  26  2:15  Probe (Chrono Boost)  
  27  2:19  Pylon  
  27  2:23  Warp Gate (Chrono Boost)  
  27  2:28  Probe, Zealot  
  30  2:40  Probe  
  31  2:52  Probe  
  31  2:56  Oracle (Chrono Boost)  
  31  2:58  Pylon  
  35  3:18  Nexus  
  35  3:23  Pylon  
  35  3:32  Pylon  
  35  3:41  Sentry  
  37  3:43  Probe  
  38  3:54  Forge  
  38  3:55  Probe  
  38  4:01  Forge  
  39  4:27  Protoss Ground Weapons Level 1  
  39  4:31  Gateway x2, Probe  
  36  4:33  Probe  
  36  4:36  Protoss Ground Armor Level 1  
  38  4:42  Probe  
  38  4:45  Oracle (Chrono Boost), Probe  
  43  4:54  Assimilator  
  43  4:58  Sentry  
  43  4:59  Assimilator  
  45  5:02  Mothership Core  
  45  5:03  Probe  
  48  5:21  Pylon  
  48  5:22  Stalker  
  35  6:03  Phoenix (Chrono Boost)  
  34  6:06  Stalker x3  
  40  6:32  Probe  
  37  6:33  Probe  
  39  6:42  Photon Cannon  
  39  6:48  Probe  
  40  6:54  Probe  
  40  7:00  Probe  
  42  7:05  Probe  
  42  7:07  Photon Cannon  
  43  7:13  Probe  
  44  7:16  Probe  
  45  7:25  Probe  
  43  7:35  Probe  
  44  7:37  Probe  
  44  7:39  Phoenix (Chrono Boost)  
  47  7:45  Probe  
  47  7:49  Probe  
  49  7:52  Stalker  
  49  7:54  Stalker  
  49  7:56  Probe  
  49  7:57  Sentry  
  56  8:09  Probe  
  56  8:10  Phoenix (Chrono Boost)  
  56  8:11  Probe  
  60  8:23  Probe  
  60  8:24  Probe  
  60  8:25  Twilight Council  
  62  8:29  Sentry  
  62  8:33  Stalker  
  66  8:35  Probe x2  
  68  8:45  Probe  
  68  8:47  Probe  
  70  8:48  Stalker  
  70  8:53  Stalker  
  74  8:56  Probe  
  74  8:59  Probe  
  74  9:00  Phoenix (Chrono Boost)  
  78  9:11  Probe, Protoss Ground Weapons Level 2  
  78  9:12  Probe  
  79  9:25  Phoenix (Chrono Boost), Probe  
  79  9:26  Stalker  
  79  9:30  Stalker  
  86  9:38  Photon Cannon  
  86  9:40  Photon Cannon  
  86  9:46  Photon Cannon  
  86  9:57  Blink (Chrono Boost)  
  86  10:05  Protoss Ground Armor Level 2  
  86  10:10  Pylon x2  
  86  10:12  Pylon  
  86  10:26  Nexus  
  86  10:28  Probe x2  
  88  10:29  Pylon  
  78  11:06  Stalker x3  
  84  11:14  Phoenix  
  86  11:26  Probe  
  86  11:29  Probe  
  88  11:36  Phoenix  
  88  11:38  Probe  
  89  11:58  Stalker x3  
  95  12:11  Gateway  
  95  12:12  Gateway  
  95  12:15  Gateway x2  
  95  12:18  Probe (Chrono Boost), Assimilator  
  95  12:19  Assimilator  
  95  12:20  Probe (Chrono Boost)  
  95  12:21  Probe (Chrono Boost)  
  98  12:24  Stalker x3  
  104  12:30  Probe (Chrono Boost)  
  104  12:32  Pylon, Phoenix  
  104  12:34  Probe (Chrono Boost)  
  108  12:40  Probe (Chrono Boost)  
  109  12:45  Pylon  
  109  12:54  Phoenix  
  111  13:06  Sentry x3  
  112  13:24  Stalker x2  
  112  13:25  Stalker  
  65  14:02  Stalker x3  
  56  14:38  Pylon x2  
  56  14:39  Pylon  
  56  15:24  Stalker x2, Photon Cannon  
  56  15:25  Photon Cannon  
  58  15:40  Pylon  
  58  15:44  Pylon x2  
  58  15:47  Pylon  
  58  15:51  Pylon  
  58  15:53  Pylon  
  58  15:59  Pylon  
  58  16:05  Forge  
  58  16:11  Pylon  
  58  16:12  Pylon  
  58  16:14  Pylon  
  58  16:18  Stalker x3  
  64  16:26  Pylon x2  
  64  16:28  Pylon  
  60  16:36  Stalker  
  28  17:23  Nexus  
  28  17:27  Pylon  
  26  17:49  Nexus  
  24  18:42  Probe (Chrono Boost)  
  25  19:25  Pylon  
  25  19:28  Probe (Chrono Boost)  
  26  19:46  Probe (Chrono Boost)  
  26  19:48  Probe (Chrono Boost)  
  26  20:31  Void Ray (Chrono Boost)  
  28  21:01  Probe (Chrono Boost)  
  30  21:19  Void Ray  
  24  24:50  Assimilator  
Tags
 
Add a new tag
Caveats
  • Supply blocks, unpowered buildings, or Contaminate may cause inaccurate times.
  • Supply counts are checked every 10 seconds.